 Dungeon Crawl Stone Soup version 0.31-a0-968-g24f9ace8b5 (webtiles) character file.

Game seed: 6429825554054373715

83626 avis the Spry (level 15, -2/86 HPs)
             Began as a Felid Summoner on Oct 25, 2023.
             Was an Initiate of Gozag.
             Killed from afar by an eleionoma (29 damage)
             ... with a spray of wooden splinters
             ... on level 1 of the Swamp on Oct 27, 2023.
             The game lasted 04:36:33 (31417 turns).

avis the Spry (Felid Summoner)                     Turns: 31417, Time: 04:36:33

Health: -2/86      AC:  9    Str:  9    XL:     15   Next: 32%
Magic:  18/30      EV: 26    Int: 22    God:    Gozag
Gold:   3995       SH:  0    Dex: 31    Spells: 8/34 levels left
                                        Lives:  0   Deaths: 2

rFire   . . .        (weapon unavailable)
rCold   . . .        (shield unavailable)
rNeg    . . .        (body armour unavailable)
rPois   .            (helmet unavailable)
rElec   .            (cloak unavailable)
rCorr   .            (gloves unavailable)
SInv    +            (boots unavailable)
Will    ++...        b - amulet of regeneration
Stlth   +++          J - +6 ring of intelligence
HPRegen 1.14/turn    a - +6 ring of dexterity
MPRegen 0.22/turn

%: no passive effects
@: snake-form, gold aura
A: constrict, boosted hp, large, (claws 1), (fangs 3), see invisible, (speed 1),
(shaggy fur 3), (stealthy paws), no weapons or thrown items, no armour,
multi-lived
a: Begin Untransformation, Renounce Religion, Potion Petition, Call Merchant,
Bribe Branch


You were on level 1 of the Swamp.
You worshipped Gozag.
Gozag was most pleased with you.
You were an enormous anaconda.
You visited 7 branches of the dungeon, and saw 22 of its levels.
You also visited: Ossuary and Bailey.

You collected 8841 gold pieces.
You spent 3333 gold pieces at shops.
You paid 1513 gold pieces to Gozag.

Inventory:

Jewellery
 a - a +6 ring of dexterity (right hand)
 b - an amulet of regeneration (around neck)
 i - a +4 ring of protection
 j - a ring of positive energy
 w - a +5 ring of evasion
 y - a ring of flight
 I - the ring of Atyhosk {rPois Str-3 Dex+3}
   (You found it on level 1 of the Lair of Beasts)

   [ring of poison resistance]

   Str-3:     It affects your strength (-3).
   Dex+3:     It affects your dexterity (+3).
   rPois:     It protects you from poison
 J - a +6 ring of intelligence (left hand)
Talismans
 l - a blade talisman
 s - a serpent talisman (active)
 G - a granite talisman
Wands
 d - a wand of flame (32)
 e - a wand of digging (11)
 p - a wand of mindburst (14)
 r - a wand of polymorph (17)
 v - a wand of paralysis (22)
 C - a wand of light (2)
 F - a wand of roots (8)
Scrolls
 c - a scroll of poison
 k - 6 scrolls of teleportation
 o - 3 scrolls of blinking
 q - a scroll of revelation
 u - 5 scrolls of fog
 x - 2 scrolls of identify
 A - a scroll of vulnerability
 H - a scroll of silence
Potions
 f - a potion of cancellation
 g - 6 potions of haste
 h - 3 potions of berserk rage
 m - 6 potions of heal wounds
 n - 2 potions of brilliance
 t - 3 potions of curing
 z - 2 potions of might
 E - 2 potions of enlightenment
 L - a potion of resistance


   Skills:
 + Level 11.7 Fighting
 + Level 15.2 Dodging
 - Level 3.0 Stealth
 - Level 10.0 Spellcasting
 - Level 10.0 Hexes
 * Level 13.7 Summonings
 - Level 6.1 Translocations
 - Level 7.0 Air Magic
 * Level 10.5 Shapeshifting


You had 8 spell levels left.
You knew the following spells:

 Your Spells              Type           Power      Damage    Failure   Level
d - Call Canine Familiar  Summ           64%        N/A       1%          3
f - Summon Forest         Summ/Tloc      26%        N/A       2%          5
g - Summon Guardian Gole  Hex/Summ       59%        N/A       1%          3
l - Summon Lightning Spi  Summ/Air       54%        N/A       1%          4
v - Summon Mana Viper     Hex/Summ       59%        N/A       1%          5
C - Summon Cactus Giant   Summ           32%        N/A       3%          6

Your spell library contained the following spells:

 Spells                   Type           Power      Damage    Failure   Level
 Summon Small Mammal      Summ           100%       N/A       1%          1
 Call Imp                 Summ           100%       N/A       1%          2
 Cigotuvi's Dreadful Rot  Necr/Pois/Air  42%        N/A       3%          2
 Summon Ice Beast         Ice/Summ       41%        N/A       3%          4
 Necrotise                Necr           44%        1d6       6%          1
 Sting                    Tmut/Pois      44%        1d5       6%          1
 Frozen Ramparts          Ice            22%        1d4       19%         3
 Vampiric Draining        Necr           11%        2d6       19%         3
 Monstrous Menagerie      Summ           32%        N/A       19%         7
 Metabolic Englaciation   Hex/Ice        16%        N/A       22%         5
 Olgreb's Toxic Radiance  Pois           11%        N/A       52%         4
 Petrify                  Tmut/Erth      11%        N/A       52%         4
 Summon Horrible Things   Summ           32%        N/A       80%         8
 Agony                    Necr           11%        N/A       86%         5
 Haunt                    Necr/Summ      20%        N/A       97%         7
 Spellforged Servitor     Conj/Summ      20%        N/A       97%         7
 Eringya's Noxious Bog    Tmut/Pois      5%         4d6       100%        6
 Orb of Destruction       Conj           5%         9d5       100%        7
 Ozocubu's Refrigeration  Ice            5%         4d8       100%        7
 Borgnjor's Revivificati  Necr           5%         N/A       100%        8
 Dragon's Call            Summ           32%        N/A       100%        9
 Polar Vortex             Ice            5%         N/A       100%        9
 Animate Armour           Summ/Erth      Unusable   N/A       N/A         4
 Animate Dead             Necr           Unusable   N/A       N/A         4
 Simulacrum               Ice/Necr       Unusable   N/A       N/A         6

Dungeon Overview and Level Annotations

Branches:
Dungeon (11/15)            Temple (1/1) D:6            Lair (5/5) D:10
  Swamp (1/4) Lair:3        Snake (1/4) Lair:3        Slime (1/5) Lair:4
    Orc (2/2) D:11            Elf (0/3) Orc:2       Ossuary (visited)
 Bailey (visited)

Altars:
Ashenzari
Cheibriados
Dithmenos
Elyvilon
Fedhas
Gozag
Hepliaklqana
Kikubaaqudgha
Makhleb
Nemelex Xobeh
Okawaru
Qazlal
Ru
Sif Muna
Trog
Uskayaw
Vehumet
Wu Jian
Xom
Yredelemnul
Zin
The Shining One
Jiyva

Shops:
D:4 ?:   Orc:1 *   Orc:2 :?[=   Lair:1 ?   Lair:5 =


Innate Abilities, Weirdness & Mutations

You are an enormous anaconda.
You have a powerful constriction melee attack.
Your maximum health is increased.
((You have sharp claws.))
((You have razor-sharp teeth.))
You have supernaturally acute eyesight. (SInv)
((You cover ground quickly. (Speed+)))
((Your thick and shaggy fur keeps you warm. (AC +3, rC+)))
((Your paws help you pounce on unaware monsters.))
You are incapable of wielding weapons or throwing items.
You cannot wear armour.
You gain extra lives every three experience levels.


Message History

The swamp drake roars!
The swamp dragon looks frightened!
The hornet looks frightened!
* * * LOW HITPOINT WARNING * * *
You feel extremely sick.
You feel better.
You barely miss the alligator. You grab the alligator.
You constrict the alligator.
The swamp drake is no longer distracted by gold.
The alligator completely misses you.
The alligator tail-slaps you but does no damage.
You hit the alligator but do no damage. You constrict the alligator.
The alligator is distracted by your dazzling golden aura.
The swamp worm is distracted by your dazzling golden aura.
You strike the helpless alligator from behind!
You lash the alligator!
The alligator is no longer distracted by gold.
The alligator is lightly wounded.
You constrict the alligator. The alligator completely misses you.
The alligator tail-slaps you.
* * * LOW HITPOINT WARNING * * *
You hit the alligator but do no damage.
The alligator is moderately wounded.
You constrict the alligator.
The alligator is distracted by your dazzling golden aura.
You catch the helpless alligator completely off-guard!
You hit the alligator but do no damage.
The alligator is no longer distracted by gold.
The alligator is moderately wounded.
You constrict the alligator. The alligator completely misses you.
The alligator barely misses you.
Casting: Summon Cactus Giant (dangerous; 3% risk of failure)
Confirm with . or Enter, or press ? or * to list all spells.
Okay, then.
Unknown command.
You release your grip on the alligator.
The swamp worm is no longer distracted by gold.
The eleionoma hurls a spray of splinters at you.
The spray of wooden splinters hits you!!
You die...
Your body crumbles into a pile of gold.

.~~.÷ #.. ..♣♣~
#.....#..♣♣♣♣.♣♣. ♣§~~.. ~.#.
♣....$.~..♣.~ ♣♣.~..~ ~♣..#.
#.$♣>~$.♣♣. ♣~.♣~..
..♣.#.#####.$/$§D.x.. ♣~~~...♣
♣... #.#.....$w.~t~♣♣.
♣.~~~w~.♣♣..#####w.y.#..~.~~~♣..
.....~~♣.~$.#..[.#...#..~~.....~
♣>~~~$~~.?..#..SR#...#..~♣~~~..♣
~...♣~~.D...#...t#...+...~.~♣^~♣
~~~~.~~.D$..##.##.####.....~~...
~~♣~~.~~tx.......... ....~♣.~.♣♣
♣~~~~.~C.♣..........~..♣ ~~.
~.~§~§.~~~.~♣♣♣♣♣♣♣♣.~~~
~.~~♣~.♣§~~t♣ .~~♣
~~w~.§.§~~~~.. .§~
.§~~~~..~§~♣~.~ .k


You could see an eleionoma, 2 alligators and a swamp worm.

Vanquished Creatures
  A deep troll (Orc:2)
  A centaur skeleton (D:8)
  A troll (Orc:2)
  2 blink frogs
  3 yaks
  A wraith (D:11)
  A warg (Orc:2)
  A nameless horror (D:8)
  2 ogres (Orc:2)
  6 centaurs
  An elf zombie (Ossuary)
  A wight (D:8)
  A troll zombie (D:11)
  2 hounds
  A human zombie (Ossuary)
  An orc wizard (D:11)
  An ogre zombie (D:11)
  An orc (D:3)
  2 gnoll zombies
  A hobgoblin (D:1)
  2 kobolds
  A quokka (D:4)
  A ball python (D:1)
  4 bats
  An orc zombie (D:11)
  A rat (D:2)
  A spectral weapon (Swamp:1)
42 creatures vanquished.

Vanquished Creatures (collateral kills)
  A bunyip (Swamp:1)
  A minotaur (Orc:2)
  An ettin (Orc:2)
  Harold (D:11)
  3 hydras
  3 catoblepae (Lair:5)
  2 ogre magi (Orc:2)
  An alligator (Swamp:1)
  8 two-headed ogres
  An orc high priest (Orc:2)
  5 death yaks (Lair:5)
  Urug (D:11)
  Amaemon (Lair:2)
  3 skeletal warriors (D:11)
  2 skysharks
  A deep troll (Orc:2)
  2 goliath frogs (Swamp:1)
  2 spriggan druids (Swamp:1)
  An orc knight (Orc:2)
  A salamander (Lair:3)
  A will-o-the-wisp (Swamp:1)
  5 cyclopes
  3 manticores
  9 elephants
  Joseph (D:7)
  2 black mambas
  An orange demon (Lair:2)
  14 cane toads
  3 rime drakes
  An unseen horror (D:10)
  6 komodo dragons
  7 trolls (Orc:2)
  2 polar bears
  2 tyrant leeches
  A hellwing (D:8)
  33 blink frogs
  3 hornets
  A shadow (D:11)
  61 yaks
  4 spriggans (Swamp:1)
  2 wraiths
  6 wyverns
  A basilisk (Lair:1)
  The ghost of XomNomNom the Trooper, an amateur DsMo of Cheibriados (D:4)
  2 steam dragons
  3 vampire mosquitoes (Swamp:1)
  3 wargs (Orc:1)
  4 swamp worms
  A sky beast (D:8)
  5 orc warriors
  14 water moccasins
  4 ice beasts
  17 ogres
  9 wolves
  2 phantoms
  2 kobold brigands
  A nameless horror (Lair:5)
  2 elf zombies (Ossuary)
  5 bullfrogs
  5 gnoll sergeants (Bailey)
  3 scorpions
  3 wights (D:8)
  Dowan (D:4)
  7 killer bees
  2 troll zombies (D:11)
  An electric eel (Lair:3)
  3 howler monkeys
  3 lava snakes (Lair:3)
  3 centaur zombies
  5 hounds
  3 jellies (D:6)
  6 orc priests
  Crazy Yiuf (D:2)
  5 gnoll boudas (Bailey)
  5 iguanas
  Jessica (D:2)
  A sleepcap (D:8)
  10 orc wizards
  4 ogre zombies (D:11)
  A hound zombie (Ossuary)
  3 mummies (Ossuary)
  11 gnolls
  6 adders
  4 shadow imps
  2 adder zombies (Ossuary)
  A worm (D:3)
  5 dart slugs
  29 orcs
  A bat (D:2)
  8 endoplasms
  3 giant cockroaches (D:4)
  7 goblins
  7 hobgoblins
  3 jackals (D:5)
  12 kobolds
  2 quokkas (D:2)
  4 ball pythons
  4 frilled lizards
  7 gnoll skeletons (D:11)
  3 gnoll zombies
  2 goblin zombies (Ossuary)
  5 hobgoblin zombies (Ossuary)
  4 jackal zombies (Ossuary)
  A kobold zombie (Ossuary)
  6 orc skeletons (D:11)
  9 orc zombies (D:11)
  5 quokka zombies (Ossuary)
  2 rats (D:2)
  4 rat zombies (Ossuary)
518 creatures vanquished.

Vanquished Creatures (others)
  The ghost of Runia the Spry, a journeyman MfIE of Hepliaklqana (Orc:2)
  3 two-headed ogres
  Pikel (D:5)
  An ugly thing (D:10)
  A black mamba (Lair:1)
  6 elephants (Lair:3)
  A cane toad (Lair:1)
  2 centaur zombies (D:8)
  A centaur skeleton (D:8)
  A komodo dragon (Lair:1)
  A hellwing (D:8)
  4 blink frogs
  A meliai zombie (D:8)
  A wyvern (D:8)
  17 yaks
  Grum (Bailey)
  A warg (Orc:1)
  An acid dragon (D:10)
  Duvessa (D:4)
  An ice beast (D:10)
  A black bear (D:6)
  3 wolves
  An ogre (D:5)
  An elf zombie (Ossuary)
  4 gnoll sergeants (Bailey)
  A scorpion (D:6)
  9 wights
  6 killer bees (D:10)
  A human zombie (Ossuary)
  2 gnoll boudas (Bailey)
  2 orc wizards
  2 iguanas (D:5)
  6 gnolls (Bailey)
  A shadow imp (D:6)
  An orc (D:8)
  6 snaplasher vines
94 creatures vanquished.

Grand Total: 654 creatures vanquished

Notes
Turn   | Place    | Note
-------+----------+-------------------------------------------
     0 | D:1      | avis the Felid Summoner began the quest for the Orb.
     0 | D:1      | Reached XP level 1. HP: 7/7 MP: 4/4
   194 | D:1      | Found a faded altar of an unknown god.
   429 | D:1      | Reached skill level 3 in Dodging
   429 | D:1      | Reached XP level 2. HP: 11/11 MP: 1/6
   440 | D:1      | Learned a level 2 spell: Call Imp
  1590 | D:2      | Reached XP level 3. HP: 14/14 MP: 2/8
  1643 | D:2      | Learned a level 3 spell: Call Canine Familiar
  1834 | D:2      | Noticed Jessica
  1848 | D:2      | Killed Jessica
  1849 | D:2      | Reached XP level 4. HP: 18/18 MP: 5/10
  1919 | D:2      | Learned a level 3 spell: Summon Guardian Golem
  2168 | D:2      | Found a runed translucent door.
  2169 | D:2      | Noticed Crazy Yiuf
  2170 | D:2      | Identified the +6 hammer "Lifebane" {speed, rF+ Str+4}
  2171 | D:2      | Identified the +5 hammer "Mud Pie of Death" {freeze, rElec
                  | rF- SInv}
  2216 | D:2      | Killed Crazy Yiuf
  2217 | D:2      | Reached skill level 1 in Hexes
  2822 | D:3      | Found an opulent altar of Gozag.
  2839 | D:3      | Became a worshipper of Gozag Ym Sagoz the Greedy
  2921 | D:3      | Found a glowing golden altar of the Shining One.
  3015 | D:3      | Reached XP level 5. HP: 21/21 MP: 6/11
  3017 | D:3      | Found an iron altar of Okawaru.
  3108 | D:3      | Found a broken altar of Ashenzari.
  3112 | D:3      | Saw a vision of the Swamp and the Snake Pit.
  3112 | D:3      | Noticed a spriggan rider
  3112 | D:3      | Noticed an alligator
  3112 | D:3      | Noticed a naga mage
  3112 | D:3      | Noticed a shock serpent
  3113 | D:3      | Noticed a salamander
  3114 | D:3      | Noticed a naga
  3114 | D:3      | Noticed a will-o-the-wisp
  3115 | D:3      | Noticed a naga
  3115 | D:3      | Noticed a goliath frog
  3117 | D:3      | Noticed a naga ritualist
  3119 | D:3      | Noticed an anaconda
  3235 | D:3      | Found a blossoming altar of Fedhas.
  3443 | D:4      | Noticed a water moccasin
  3567 | D:4      | Noticed Dowan
  3569 | D:4      | Noticed Duvessa
  3570 | D:4      | Found a sand-covered staircase.
  3576 | Ossuary  | Entered an ossuary
  3602 | Ossuary  | Reached skill level 1 in Fighting
  3658 | Ossuary  | Gained mutation: You are covered in thick fur. (AC +2)
                  | [Felid growth]
  3658 | Ossuary  | Reached XP level 6. HP: 25/25 MP: 2/12
  3687 | Ossuary  | Reached skill level 5 in Summonings
  3886 | Ossuary  | Reached skill level 4 in Dodging
  4294 | Ossuary  | Reached XP level 7. HP: 30/30 MP: 4/14
  4443 | Ossuary  | Learned a level 4 spell: Summon Lightning Spire
  4780 | D:4      | Found a runed translucent door.
  4824 | D:4      | Reached skill level 5 in Hexes
  4824 | D:4      | Reached skill level 1 in Air Magic
  4846 | D:4      | Reached skill level 5 in Dodging
  5146 | D:4      | Found Paem's Magic Scroll Shoppe.
  5156 | D:4      | Bought a scroll of fear for 44 gold pieces
  5156 | D:4      | Bought a scroll of identify for 22 gold pieces
  5156 | D:4      | Bought a scroll of identify for 22 gold pieces
  5309 | D:4      | Killed Duvessa
  5356 | D:4      | Killed Dowan
  5357 | D:4      | Reached XP level 8. HP: 34/34 MP: 5/16
  5619 | D:4      | Found Xuat Cous's Tremendous Tomes.
  5730 | D:4      | Noticed XomNomNom's ghost (amateur DsMo)
  5750 | D:5      | Entered Level 5 of the Dungeon
  5979 | D:5      | Found a bloodstained altar of Trog.
  6468 | D:5      | Reached skill level 5 in Spellcasting
  6687 | D:5      | Noticed Pikel
  7030 | D:5      | Killed Pikel
  7031 | D:5      | Reached skill level 6 in Dodging
  7225 | D:5      | Found an ornate altar of the Wu Jian Council.
  7456 | D:4      | Bought a scroll of fog for 44 gold pieces
  7456 | D:4      | Bought a scroll of fog for 44 gold pieces
  7456 | D:4      | Bought a scroll of teleportation for 33 gold pieces
  7456 | D:4      | Bought a scroll of teleportation for 33 gold pieces
  7621 | D:6      | Reached XP level 9. HP: 39/39 MP: 9/18
  7708 | D:6      | Found a sacrificial altar of Ru.
  7801 | D:6      | Learned a level 5 spell: Summon Mana Viper
  8288 | D:6      | Reached skill level 7 in Dodging
  8288 | D:6      | Reached skill level 5 in Air Magic
  8294 | D:6      | Found a hazy altar of Hepliaklqana.
  8512 | D:6      | Found a staircase to the Ecumenical Temple.
  8633 | Temple   | Entered the Ecumenical Temple
 10051 | D:7      | Reached skill level 5 in Fighting
 10186 | D:7      | Found a burning altar of Makhleb.
 10828 | D:7      | Noticed Joseph
 11297 | D:8      | Noticed a hellwing
 11303 | D:8      | Killed a hellwing
 11309 | D:8      | Reached XP level 10. HP: 44/44 MP: 5/20
 11521 | D:8      | Reached skill level 8 in Dodging
 12037 | D:8      | Noticed a two-headed ogre
 12038 | D:8      | Noticed a two-headed ogre
 12068 | D:8      | Killed a two-headed ogre
 12157 | D:8      | Killed a two-headed ogre
 12487 | D:8      | Found a shimmering blue altar of Sif Muna.
 12589 | D:8      | Found a glowing silver altar of Zin.
 12874 | D:8      | Reached skill level 10 in Hexes
 13092 | D:9      | Reached XP level 11. HP: 48/48 MP: 13/22
 13225 | D:9      | Found an ancient bone altar of Kikubaaqudgha.
 13253 | D:9      | Reached skill level 9 in Dodging
 13425 | D:9      | Found a sparkling altar of Nemelex Xobeh.
 13808 | D:10     | Entered Level 10 of the Dungeon
 13904 | D:10     | Found a flagged portal.
 13916 | Bailey   | Entered a bailey
 14218 | Bailey   | Reached skill level 1 in Shapeshifting
 14278 | Bailey   | Noticed Grum
 14290 | Bailey   | Killed Grum
 14980 | D:10     | Noticed a brown ugly thing
 14988 | D:10     | Killed a brown ugly thing
 15284 | D:10     | Reached skill level 10 in Dodging
 15343 | D:10     | Found a staircase to the Lair.
 15966 | D:10     | Noticed a two-headed ogre
 15973 | D:10     | Killed a two-headed ogre
 16077 | Lair:1   | Entered Level 1 of the Lair of Beasts
 16154 | Lair:1   | Gained mutation: Your thick and shaggy fur keeps you warm.
                  | (AC +3, rC+) [Felid growth]
 16154 | Lair:1   | Reached XP level 12. HP: 55/55 MP: 1/26
 16751 | Lair:1   | Reached skill level 11 in Dodging
 16824 | Lair:1   | Reached skill level 10 in Spellcasting
 17509 | Lair:1   | Identified the ring of Atyhosk {rPois Str-3 Dex+3}
 17803 | Lair:1   | Upgraded the game from 0.31-a0-963-ga325b2283a to
                  | 0.31-a0-965-g8a8ce12e04
 18101 | Lair:2   | Reached skill level 10 in Summonings
 18108 | Lair:2   | Reached skill level 12 in Dodging
 18758 | Lair:2   | Reached skill level 5 in Shapeshifting
 18821 | Lair:2   | Noticed Amaemon
 19418 | D:4      | Reached XP level 13. HP: 60/60 MP: 17/28
 19423 | D:4      | Killed XomNomNom's ghost
 19549 | D:7      | Killed Joseph
 19757 | D:4      | Bought the Disquisition on Vitriolic Attendants for 990
                  | gold pieces
 19765 | D:4      | Learned a level 6 spell: Summon Cactus Giant
 19974 | Lair:3   | Found a stormy altar of Qazlal.
 20254 | Lair:3   | Found a staircase to the Snake Pit.
 21214 | Lair:3   | Reached skill level 13 in Dodging
 21661 | Lair:3   | Reached skill level 10 in Fighting
 21890 | Lair:3   | Found a staircase to the Swamp.
 22426 | Lair:4   | Found a viscous altar of Jiyva.
 22427 | Lair:4   | Found a staircase to the Slime Pits.
 22891 | Lair:1   | Bought a scroll of blinking for 127 gold pieces
 22891 | Lair:1   | Bought a scroll of poison for 68 gold pieces
 22891 | Lair:1   | Bought a scroll of silence for 161 gold pieces
 22891 | Lair:1   | Bought a scroll of revelation for 127 gold pieces
 22891 | Lair:1   | Bought a scroll of teleportation for 51 gold pieces
 22998 | Lair:2   | Killed Amaemon
 24302 | Vaults:5 | Identified the of Sunoc
 24302 | Vaults:5 | Identified the of Weptoaw
 24302 | Crypt:3  | Identified the of Wecleoti
 24302 | Elf:3    | Identified the "Fajag"
 24302 | Elf:3    | Identified the of Isudd
 24302 | Slime:1  | Entered Level 1 of the Pits of Slime
 24338 | Lair:5   | Entered Level 5 of the Lair of Beasts
 24416 | Lair:5   | Reached XP level 14. HP: 66/66 MP: 4/29
 24872 | Lair:1   | Learned a level 5 spell: Summon Forest
 25575 | Lair:5   | Reached skill level 14 in Dodging
 26854 | D:4      | Bought Lafuonnu's Omnibus of Summoned Diablerie for 1177
                  | gold pieces
 27754 | D:11     | Found a staircase to the Orcish Mines.
 27977 | D:11     | Reached skill level 10 in Shapeshifting
 28126 | D:11     | Noticed Harold
 28139 | D:11     | Killed Harold
 28222 | D:11     | Noticed Urug
 28228 | D:11     | Killed Urug
 28739 | Orc:1    | Entered Level 1 of the Orcish Mines
 28790 | Orc:1    | Found Kaluria's Overcharged Wands.
 28870 | Orc:1    | Reached skill level 1 in Translocations
 29277 | Orc:2    | Entered Level 2 of the Orcish Mines
 29277 | Orc:2    | Found Kebratz's Magic Scroll Boutique.
 29277 | Orc:2    | Found Afuik's Jewellery Boutique.
 29782 | Orc:2    | Noticed Runia's ghost (journeyman MfIE)
 29820 | Orc:2    | Found a staircase to the Elven Halls.
 29984 | Orc:2    | Reached skill level 5 in Translocations
 30152 | Orc:2    | Reached XP level 15. HP: 71/71 MP: 30/30
 30280 | Orc:2    | Found Nurefiej's Book Emporium.
 30313 | Orc:2    | Bought a blade talisman for 390 gold pieces
 30325 | Orc:2    | Found Vacunigh's Armour Shop.
 30750 | Orc:2    | Found a runed translucent gate.
 30750 | Orc:2    | Found a runed translucent gate.
 30751 | Orc:2    | Found a runed translucent gate.
 30818 | Orc:2    | Reached skill level 15 in Dodging
 30897 | Orc:2    | Upgraded the game from 0.31-a0-965-g8a8ce12e04 to
                  | 0.31-a0-968-g24f9ace8b5
 30912 | Orc:2    | Killed Runia's ghost
 31237 | Snake:1  | Entered Level 1 of the Snake Pit
 31299 | Swamp:1  | Entered Level 1 of the Swamp
 31314 | Swamp:1  | Demolished by an eight-headed hydra
 31375 | Swamp:1  | HP: 4/86 [eight-headed hydra[a spriggan druid] (7)]
 31375 | Swamp:1  | Mangled by an eight-headed hydra
 31417 | Swamp:1  | Killed from afar by an eleionoma

Illustrated notes

Levels and vault maps discovered:
D:1:      dpeg_arrival_round_b, layout_basic, ebering_ecumenical_altar_webs,
          minmay_fountain_box
D:2:      layout_loops_ring, uniq_crazy_yiuf_cottage, uniq_jessica
D:3:      layout_basic, amcnicky_altar_gilded, grunt_gozag_breadcrumbs,
          grunt_ashenzari_visionary [grunt_ashenzari_visionary_swamp,
          grunt_ashenzari_visionary_snake], old_standard_altar,
          lemuel_round_altar
D:4:      layout_loops_cross, ebering_ghost_sewer_d,
          lightli_ossuary_entry_decrepit_ruins, serial_shops, shop,
          minmay_crystal_water, kennysheep_decorative_pillar,
          nicolae_shop_i_like_big_books, uniq_duvessa
D:5:      layout_basic, general_overflow_altar, overflow_temple_1_default,
          uniq_pikel
D:6:      layout_basic, lemuel_round_altar, worldfamousw_hep_ancestral_shrine,
          minmay_temple_entry_antechambers
D:7:      layout_cave_pods, makhleb_blood_cavern_becter,
          kennysheep_generic_room_15, uniq_joseph
D:8:      cheibrodos_grave_circle, layout_basic, zin_treasury,
          kennysheep_little_box
D:9:      layout_rooms, pf_just_have_faith, nemelex_spade_bored_becter
D:10:     layout_irregular_city, hellmonk_lair_entry_icy, enter_bailey_6
D:11:     layout_grid_maze, zombieorc2_lemuel, minmay_tree_intersection,
          minivault_19, uniq_harold, uniq_urug
Temple:   nicolae_temple_two_arcs
Lair:1:   layout_chaotic_city, nicolae_volcano_entry_s_turn, st_stairs_3,
          patterned_corridor, grunt_megastairs_2
Lair:2:   wander_river, layout_concentric_octagons, serial_bayou_crossing,
          uniq_amaemon
Lair:3:   layout_gridlike, palyth_hydra_swamp_entry,
          nicolae_snake_entry_warm_welcome, basic_altar, beast_lair_carwin_3,
          serial_bayou_shore_a
Lair:4:   layout_regular_city, slime_entry_1, pond
Lair:5:   evilmike_catoblepas_cave, layout_gridlike, serial_forest,
          infiniplex_forest_straight_3, infiniplex_forest_clump_small,
          infiniplex_forest_clump_tiny, infiniplex_forest_zigzag_2,
          infiniplex_forest_clump_double, infiniplex_forest_clump_diagonal,
          columned_hall_lemuel, infiniplex_staircase_pool_2
Swamp:1:  layout_falls_marsh, evilmike_swamp_ruin_house_5, swamp_pool4
Snake:1:  layout_chambers, grunt_megastairs_1
Slime:1:  layout_caves
Orc:1:    layout_caves, nicolae_shop_overcharged_wands
Orc:2:    st_orc_open, layout_caves, maelrawn_ghost_gauntlet_escape

Skill      XL: |  1  2  3  4  5  6  7  8  9 10 11 12 13 14 15 |
---------------+----------------------------------------------+-----
Stealth        | 3 |  3.0
Dodging        | 3 4 5 6 7 8 10 12 13 14 15 | 15.2
Spellcasting   | 3 4 5 6 7 9 10 | 10.0
Hexes          | 1 3 4 5 8 10 | 10.0
Fighting       | 1 2 3 4 5 6 7 9 10 11 | 11.7
Summonings     | 5 6 7 9 10 11 13 | 13.7
Air Magic      | 2 4 6 7 |  7.0
Shapeshifting  | 1 5 8 10 | 10.5
Translocations | 5 6 |  6.1

Action                     |  1- 3 |  4- 6 |  7- 9 | 10-12 | 13-15 || total
---------------------------+-------+-------+-------+-------+-------++-------
  Melee: Unarmed           |    19 |    28 |    18 |    32 |    90 ||   187
         Bite              |     2 |     4 |     2 |     4 |       ||    12
         Constrict         |       |       |       |       |    29 ||    29
   Cast: Summon Small Mamm |    26 |     6 |       |       |       ||    32
         Call Imp          |    16 |    19 |    42 |     7 |     2 ||    86
         Call Canine Famil |     3 |    33 |    69 |    58 |    31 ||   194
         Summon Guardian G |       |     4 |    56 |    66 |    37 ||   163
         Summon Mana Viper |       |       |     1 |    71 |    79 ||   151
         Summon Lightning  |       |       |       |     1 |    83 ||    84
         Summon Cactus Gia |       |       |       |       |    61 ||    61
         Summon Forest     |       |       |       |       |     7 ||     7
 Invoke: Call Merchant     |       |       |       |       |     2 ||     2
  Evoke: Wand              |       |       |       |     7 |     4 ||    11
    Use: Scroll            |     6 |     1 |    13 |     5 |     9 ||    34
         Potion            |       |       |       |     2 |     2 ||     4
   Stab: Sleeping          |     1 |     2 |     1 |       |       ||     4
         Distracted        |       |     2 |       |       |     3 ||     5
 Armour: Skin              |     7 |    11 |    22 |    32 |   125 ||   197
  Dodge: Dodged            |    35 |    25 |    49 |   144 |   312 ||   565
   Form: Anaconda          |       |       |       |       |     2 ||     2
         Blade             |       |       |       |       |     1 ||     1

Table legend: (Time is in decaauts)
 A = Elapsed time spent in this place.
 B = Non-inter-level travel time spent in this place.
 C = Inter-level travel time spent in this place.
 D = Time resting spent in this place.
 E = Time spent auto-exploring this place.
 F = Levels seen in this place.
 G = Mean time per level.
                   A        B        C        D        E       F      G
               +--------+--------+--------+--------+--------+-----+--------+
         Total |  28776 |  25757 |   3019 |   7357 |   9111 |  24 | 1199.0 |
       Dungeon |  15543 |  13551 |   1992 |   3403 |   5773 |  11 | 1413.0 |
        Temple |     13 |     11 |      2 |      0 |      0 |   1 |   13.0 |
          Lair |   9062 |   8123 |    939 |   2681 |   2539 |   5 | 1812.4 |
         Swamp |    117 |    117 |      0 |      0 |      0 |   1 |  117.0 |
     Snake Pit |      1 |      1 |      0 |      0 |      0 |   1 |    1.0 |
    Slime Pits |      1 |      1 |      0 |      0 |      0 |   1 |    1.0 |
  Orcish Mines |   2338 |   2253 |     85 |    651 |    725 |   2 | 1169.0 |
       Ossuary |    814 |    814 |      0 |    303 |     43 |   1 |  814.0 |
        Bailey |    882 |    882 |      0 |    318 |     30 |   1 |  882.0 |
               +--------+--------+--------+--------+--------+-----+--------+

Top non-repeatable levels by time:
  Lair:3: 2006 daAuts
     D:8: 1958 daAuts
  Lair:5: 1953 daAuts
     D:6: 1901 daAuts
  Lair:1: 1893 daAuts
     D:4: 1854 daAuts
  Lair:4: 1613 daAuts
  Lair:2: 1595 daAuts
    D:11: 1503 daAuts
     D:7: 1497 daAuts
   Orc:2: 1489 daAuts
    D:10: 1484 daAuts
     D:5: 1426 daAuts
     D:1: 1256 daAuts
     D:2: 1176 daAuts
